 Dungeon Crawl Stone Soup version 0.27-a0-1186-g8b4daa1eef (webtiles) character file.

Game seed: 1689673702194881419

329 spiderkeys the Skirmisher (level 6, -6/32 (49) HPs)
             Began as a Formicid Abyssal Knight on May 20, 2021.
             Was a Believer of Lugonu.
             Mangled by a wight
             ... wielding a +4 halberd
              (9 damage)
             ... on level 4 of the Dungeon.
             The game lasted 00:09:28 (4706 turns).

spiderkeys the Skirmisher (Formicid Abyssal Knight) Turns: 4706, Time: 00:09:29

HP:   -6/32 (49)    AC: 13    Str: 21    XL:     6   Next: 80%
MP:   9/9           EV:  6    Int: 14    God:    Lugonu [**....]
Gold: 167           SH:  0    Dex: 10    Spells: 5/5 levels left

rFire    . . .     SeeInvis +   a - +1 spear
rCold    . . .     Faith    .   (no shield)
rNeg     . . .     Spirit   .   d - +2 plate armour of Weightlessness {Str+2 Int+3}
rPois    .         Reflect  .   (helmet unavailable)
rElec    .         Harm     .   (no cloak)
rCorr    .         Rampage  .   (no gloves)
Will     +....                  (no boots)
Stlth    ..........             (no amulet)
HPRegen  0.10/turn              k - ring of willpower
MPRegen  0.11/turn              (no ring)

@: very heavily drained
A: permanent stasis, dig shafts and tunnels, antennae 3, four strong arms
a: Dig, Shaft Self, Renounce Religion, Depart the Abyss, Bend Space


You were on level 4 of the Dungeon.
You worshipped Lugonu.
Lugonu was pleased with you.
You visited 1 branch of the dungeon, and saw 4 of its levels.
You visited the Abyss 1 time.

You collected 167 gold pieces.


Innate Abilities, Weirdness & Mutations

You cannot be hasted, slowed, berserked, paralysed or teleported.
You can dig through walls and to a lower floor.
You have a pair of large antennae on your head. (SInv)
Your four strong arms can wield two-handed weapons with a shield.


   Skills:
 + Level 4.7 Fighting
 + Level 3.6 Polearms
 + Level 4.0 Armour
 - Level 1.0 Dodging
 + Level 4.4 Invocations


You had 5 spell levels left.
You didn't know any spells.
Your spell library contained the following spells:

 Spells                   Type           Power      Damage    Failure   Level
 Corona                   Hex            0%         N/A       100%        1
 Ensorcelled Hibernation  Hex/Ice        0%         N/A       100%        2
 Confusing Touch          Hex            0%         N/A       100%        3
 Dazzling Flash           Conj/Hex       0%         N/A       100%        3
 Tukima's Dance           Hex            0%         N/A       100%        3

Inventory:

Hand Weapons
 a - a +1 spear (weapon)
Missiles
 e - 3 atropa-tipped darts
 f - 77 stones
 g - 60 arrows
 h - 18 poisoned darts
Armour
 d - the +2 plate armour of Weightlessness (worn) {Str+2 Int+3}
   (You found it on level 2 of the Abyss)

   It affects your strength (+2).
   It affects your intelligence (+3).
Jewellery
 k - a ring of willpower (left hand)
   (You found it on level 4 of the Dungeon)
Scrolls
 c - a scroll of vulnerability {!r!r}
 i - a scroll of enchant armour
Potions
 b - 3 potions of invisibility {unknown}
 j - a potion of lignification {!q}

Dungeon Overview and Level Annotations

Branches:
Dungeon (4/15)             Temple (0/1) D:4

Altars:

Annotations:
D:3 1 runed translucent door, Bolu's ghost, amateur DsBe

*,**,..................###...***
**,**,(.................###...,,,
,*,*,,....[......####.........,**
,,,,,,...(........###.........,,,
***,,,.............##.........,*,
*,*,.....>#......#..........***
*,,,........z...............,**
****#..$..............##.#..,,,
#.........@...........##,,,
#..............#........,,,
#..............#....#...,,,
*..............####.....,,,
*.?............# *#....,,,
*,...........[.###**#..,,>,
*,.......[.............,,,,
**####.........######.,,,,,
#....<....# *,,,,,,


You could see a wight.


Message History

You see here a +0 robe.
You now have 167 gold pieces (gained 10).
k - a ring of willpower
k - a ring of willpower (left hand)
You see here a scroll labelled BULIXTI BOIHOO.
A wight is nearby!
Okay, then.
l - a scroll labelled BULIXTI BOIHOO
As you read the scroll labelled BULIXTI BOIHOO, it crumbles to dust.
You feel aware of your surroundings.
It was a scroll of magic mapping.
Press: ? - help, v - describe, . - travel
Here: a wight, wielding a +4 halberd and wearing a +0 robe The floor.
Unknown command.
Throw: 5 darts (atropa)
Press: ? - help, Shift-Dir - straight line, f - wight
Aim: a wight, wielding a +4 halberd and wearing a +0 robe (56% to hit, immune)
You throw an atropa-tipped dart. The atropa-tipped dart hits the wight.
The wight is unaffected.
Okay, then.
Press: ? - help, v - describe, . - travel, g - get item
Here: a wight, wielding a +4 halberd and wearing a +0 robe Item here: an atropa-tipped dart.
The floor.
Throw: 4 darts (atropa)
Press: ? - help, Shift-Dir - straight line, f/p - wight
Aim: a wight, wielding a +4 halberd and wearing a +0 robe (57% to hit, immune)
You throw an atropa-tipped dart. The atropa-tipped dart hits the wight.
The wight is unaffected.
Throw: 78 stones
Press: ? - help, Shift-Dir - straight line, f/p - wight
Aim: a wight, wielding a +4 halberd and wearing a +0 robe (54% to hit)
You throw a stone. The stone barely misses the wight.
Reach: a) +1 spear
Press: ? - help, Dir - move target, f/p - wight
Aim: a wight, wielding a +4 halberd and wearing a +0 robe (about 38% to evade your +1 spear)
You reach to attack!
You hit the wight but do no damage. The wight barely misses you.
Reach: a) +1 spear
Press: ? - help, Dir - move target, f/p - wight
Aim: a wight, wielding a +4 halberd and wearing a +0 robe (about 37% to evade your +1 spear)
You reach to attack!
You hit the wight.
The wight hits you from afar with a +4 halberd.
You feel drained. 😕 HP[-8]
You now have 33 max hp (-2).
You take 8 damage, and now have 27/33 hp.
MASSIVE DAMAGE!! (PAUSE) Reach: a) +1 spear
Press: ? - help, Dir - move target, f/p - wight
Aim: a wight, wielding a +4 halberd and wearing a +0 robe (moderately damaged, about 37% to evade your +1 spear)
You reach to attack!
You hit the wight but do no damage. The wight barely misses you.
Reach: a) +1 spear
Press: ? - help, Dir - move target, f/p - wight
Aim: a wight, wielding a +4 halberd and wearing a +0 robe (moderately damaged, about 40% to evade your +1 spear)
You reach to attack!
You barely miss the wight. The wight barely misses you.
Reach: a) +1 spear
Press: ? - help, Dir - move target, f/p - wight
Aim: a wight, wielding a +4 halberd and wearing a +0 robe (moderately damaged, about 40% to evade your +1 spear)
You reach to attack!
You hit the wight but do no damage.
The wight barely misses you. 😕 HP[+1] Reach: a) +1 spear
Press: ? - help, Dir - move target, f/p - wight
Aim: a wight, wielding a +4 halberd and wearing a +0 robe (moderately damaged, about 38% to evade your +1 spear)
You reach to attack!
You hit the wight but do no damage.
The wight hits you from afar with a +4 halberd. 😮 HP[-4]
You take 4 damage, and now have 24/33 hp.
Reach: a) +1 spear
Press: ? - help, Dir - move target, f/p - wight
Aim: a wight, wielding a +4 halberd and wearing a +0 robe (lightly damaged, about 37% to evade your +1 spear)
You reach to attack!
You barely miss the wight. The wight barely misses you.
Reach: a) +1 spear
Press: ? - help, Dir - move target, f/p - wight
Aim: a wight, wielding a +4 halberd and wearing a +0 robe (lightly damaged, about 38% to evade your +1 spear)
You reach to attack!
You hit the wight.
The wight hits you from afar with a +4 halberd. 😮 HP[-6]
You take 6 damage, and now have 18/33 hp.
Reach: a) +1 spear
Press: ? - help, Dir - move target, f/p - wight
Aim: a wight, wielding a +4 halberd and wearing a +0 robe (moderately damaged, about 38% to evade your +1 spear)
You reach to attack!
You hit the wight but do no damage. The wight barely misses you.
Reach: a) +1 spear
Press: ? - help, Dir - move target, f/p - wight
Aim: a wight, wielding a +4 halberd and wearing a +0 robe (moderately damaged, about 40% to evade your +1 spear)
You reach to attack!
You hit the wight but do no damage.
The wight hits you from afar with a +4 halberd!
* * * LOW HITPOINT WARNING * * *
You feel drained.
* * * LOW HITPOINT WARNING * * *
😱 HP[-15]
You now have 32 max hp (-1).
You take 15 damage, and now have 3/32 hp.
MASSIVE DAMAGE!! (PAUSE)
The wight hits you from afar with a +4 halberd!
You die...

Skill      XL: |  1  2  3  4  5  6 |
---------------+-------------------+-----
Dodging        | 1 |  1.0
Invocations    | 3 4 |  4.4
Armour         | 3 4 |  4.0
Fighting       | 4 |  4.7
Polearms       | 3 |  3.6

Action                   |  1- 3 |  4- 6 || total
-------------------------+-------+-------++-------
Melee: Spear             |   108 |   240 ||   348
Throw: Dart              |       |     2 ||     2
       Stone             |       |     1 ||     1
Invok: Depart the Abyss  |     1 |       ||     1
       Bend Space        |       |     6 ||     6
 Abil: Dig               |       |     5 ||     5
  Use: Scroll            |     2 |     7 ||     9
       Potion            |     1 |     1 ||     2
Armor: Plate armour      |    56 |   136 ||   192
Dodge: Dodged            |    20 |    64 ||    84

Levels and vault maps discovered:
D:1:      lemuel_arrival_behind_the_door_large, layout_basic,
          hellmonk_ecumenical_altar_arch_garden, minmay_fountain_box
D:2:      layout_rooms, minmay_misc_feat_nine_boxes
D:3:      layout_basic, ebering_ghost_sewer_d, hangedman_feature_mirror,
          hex_intersection, kennysheep_generic_room_16
D:4:      kennysheep_goblin_castle, layout_rooms, temple_green, uniq_sigmund

Notes
Turn   | Place    | Note
-------+----------+-------------------------------------------
     0 | Abyss:1  | spiderkeys the Formicid Abyssal Knight began the quest for
                  | the Orb.
     0 | Abyss:1  | Reached XP level 1. HP: 18/18 MP: 2/2
     0 | Abyss:1  | magus.rc [v1.9.10]
    31 | Abyss:2  | Identified the +2 plate armour of Weightlessness {Str+2
                  | Int+3}
    73 | Abyss:2  | Noticed a raiju
    73 | Abyss:2  | Noticed a raiju
    73 | Abyss:2  | Noticed a chaos spawn
    74 | Abyss:2  | Noticed a raiju
    75 | D:1      | You pass through the gate.
    75 | D:1      | Escaped the Abyss
   223 | D:1      | Found a faded altar of an unknown god.
   232 | D:1      | Reached * piety under Lugonu
   233 | D:1      | Reached skill level 1 in Dodging
   238 | D:1      | Reached XP level 2. HP: 24/24 MP: 3/3
   557 | D:1      | Reached XP level 3. HP: 29/29 MP: 4/4
   589 | D:1      | HP: 7/29 [gnoll/+0 flail (8)]
   943 | D:1      | Reached skill level 3 in Invocations
   977 | D:1      | Reached XP level 4. HP: 37/37 MP: 6/6
  1255 | D:2      | Reached skill level 3 in Armour
  1544 | D:2      | Reached ** piety under Lugonu
  2030 | D:3      | Reached skill level 4 in Fighting
  2060 | D:3      | Noticed a necrophage
  2075 | D:3      | Killed a necrophage
  2076 | D:3      | Reached skill level 3 in Polearms
  2076 | D:3      | Reached XP level 5. HP: 36/43 MP: 7/7
  2199 | D:3      | Found a runed translucent door.
  2207 | D:3      | Reached XP level 6. HP: 40/49 MP: 8/8
  2281 | D:3      | Noticed Bolu's ghost (amateur DsBe)
  2376 | D:3      | Reached skill level 4 in Invocations
  2618 | D:3      | You fall into a shaft and drop 1 floor!
  2699 | D:2      | HP: 12/49 [poisoned by an adder]
  3535 | D:3      | You pick up a book of Maledictions and begin reading...
  3535 | D:3      | You add the spells Corona, Ensorcelled Hibernation,
                  | Confusing Touch, Tukima's Dance and Dazzling Flash to your
                  | library.
  3990 | D:3      | HP: 2/35 [wight/+3 great sword (15)]
  4463 | D:4      | Reached skill level 4 in Armour
  4702 | D:4      | HP: 6/33 [wight/+4 halberd (12)]
  4706 | D:4      | Mangled by a wight

Vanquished Creatures
  A necrophage (D:3)
  A wight (D:4)
  A bullfrog skeleton (D:3)
  5 gnolls
  4 adders
  2 dart slugs (D:1)
  An orc (D:3)
  8 endoplasms
  5 giant cockroaches
  7 hobgoblins
  7 kobolds
  9 quokkas
  7 ball pythons
  4 bats
  4 frilled lizards
  9 goblins
  5 rats
80 creatures vanquished.

Table legend:
 A = Non-vault XP
 B = Vault XP
 C = Vault XP percentage of total XP
 D = Non-vault monster count
 E = Vault monster count
 F = Vault count percentage of total count
                 A         B        C        D         E       F
            +---------+---------+-------+---------+---------+-------
      Total |     464 |       6 |   1.3 |      77 |       3 |   3.8
            +---------+---------+-------+---------+---------+-------
        D:1 |      69 |       0 |   0.0 |      31 |       0 |   0.0
        D:2 |      62 |       0 |   0.0 |      24 |       0 |   0.0
        D:3 |     271 |       6 |   2.2 |      21 |       3 |  12.5
        D:4 |      62 |       0 |   0.0 |       1 |       0 |   0.0
            +---------+---------+-------+---------+---------+-------

Illustrated notes

Table legend:
 A = Kills in this place as a percentage of kills in entire the game.
 B = Kills by you in this place as a percentage of kills by you in the entire game.
 C = Kills by friends in this place as a percentage of kills by friends in the entire game.
 D = Other kills in this place as a percentage of other kills in the entire game.
 E = Experience gained in this place as a percentage of experience gained in the entire game.
 F = Experience gained in this place divided by the number of levels of this place that you have seen.
                   A       B       C       D       E      F
               +-------+-------+-------+-------+-------+----------------------
         Total | 100.0 | 100.0 |   N/A |   N/A | 100.0 |  78.3
       Dungeon | 100.0 | 100.0 |   N/A |   N/A | 100.0 | 117.5
               +-------+-------+-------+-------+-------+----------------------

Table legend: (Time is in decaauts)
 A = Elapsed time spent in this place.
 B = Non-inter-level travel time spent in this place.
 C = Inter-level travel time spent in this place.
 D = Time resting spent in this place.
 E = Time spent auto-exploring this place.
 F = Levels seen in this place.
 G = Mean time per level.
                   A        B        C        D        E       F      G
               +--------+--------+--------+--------+--------+-----+--------+
         Total |   4700 |   4482 |    218 |   1266 |   2248 |   6 |  783.3 |
       Dungeon |   4625 |   4407 |    218 |   1266 |   2234 |   4 | 1156.2 |
         Abyss |     74 |     74 |      0 |      0 |     14 |   2 |   37.0 |
               +--------+--------+--------+--------+--------+-----+--------+

Top non-repeatable levels by time:
     D:3: 1791 daAuts
     D:2: 1617 daAuts
     D:1: 1104 daAuts
     D:4: 113 daAuts
 Abyss:2: 50 daAuts
 Abyss:1: 24 daAuts
